 Dungeon Sprint DCSS version 0.29.1-12-g30fa7ad0bf (webtiles) character file.

Game seed: 10909870119068174902

197769 Groucho the End of an Era (level 18, -16/145 HPs)
             Began as a Gargoyle Fighter on Dec 28, 2022.
             Was the Champion of Qazlal.
             Killed from afar by Lom Lobon (60 damage)
             ... with a great icy blast
             ... in the Dungeon (Sprint VII: "The Pits").
             The game lasted 00:41:47 (14257 turns).

Groucho the End of an Era (Gargoyle Fighter)       Turns: 14257, Time: 00:41:48

Health: -16/145    AC: 60    Str: 30    XL:     18   Next: 42%
Magic:  16/35      EV: 25    Int:  5    God:    Qazlal [******]
Gold:   125        SH: 31    Dex: 17    Spells: 17/17 levels left

rFire   + + +      SeeInvis .   u - +8 broad axe
rCold   + + +      Faith    .   F - +5 kite shield {rF+}
rNeg    + + .      Spirit   .   p - +3 gold dragon scales
rPois   ∞          Reflect  .   K - +2 helmet
rElec   +          Harm     .   Q - +2 cloak
rCorr   .          Rampage  +   G - +2 pair of gloves {infuse}
Will    ++...      NoTele   +   U - +2 pair of boots {rampage}
Stlth   ..........              O - amulet "Syc Omau" {RegenMP Regen+ Str+2 Dex+4}
HPRegen 1.14/turn               D - ring "Wairyif" {rF+ rC+ EV+6 Str+3 Int-3}
MPRegen 0.64/turn               S - ring "Eppisil" {rC+ rN+ Will+ Slay+5}

@: protected from cold, flying, studying 5 skills, repel missiles
A: sickness immunity, AC +13, big wings, negative energy resistance 1,
electricity resistance, torment resistance 1, petrification resistance,
screaming 1
}: 1/3 runes: silver
a: Renounce Religion, Upheaval, Elemental Force, Disaster Area


You were in the Dungeon.
You worshipped Qazlal.
Qazlal was exalted by your worship.
You visited 1 branch You collected 125 gold pieces.

Inventory:

Hand Weapons
 u - a +8 broad axe (weapon)
Missiles
 j - a javelin
 m - 22 stones (quivered)
Armour
 p - +3 gold dragon scales (worn)
 C - a +0 tower shield
 F - a +5 kite shield of fire resistance (worn)
 G - a +2 pair of gloves of infusion (worn)
 K - a +2 helmet (worn)
 Q - a +2 cloak (worn)
 U - a +2 pair of boots of rampaging (worn)
Jewellery
 a - an amulet of the acrobat
 b - a +3 ring of protection
 k - the ring "Hassep" {EV+4 Str+3 Int+3}
   (You found it in the Dungeon)

   [ring of evasion]

   EV:        It affects your evasion (+4).
   Str:       It affects your strength (+3).
   Int:       It affects your intelligence (+3).
 t - the ring of Tiuhye {rF+ Dex+6}
   (You found it in the Dungeon)

   [ring of protection from fire]

   Dex:       It affects your dexterity (+6).
   rF:        It protects you from fire.
 z - the ring "Oxorub" {Fire Str+6 Dex+3}
   (You found it in the Dungeon)

   [ring of fire]

   It enhances your fire magic.
   Str:       It affects your strength (+6).
   Dex:       It affects your dexterity (+3).
   rF:        It protects you from fire.
   rC:        It makes you vulnerable to cold.
 D - the ring "Wairyif" (left hand) {rF+ rC+ EV+6 Str+3 Int-3}
   (You found it in the Dungeon)

   [ring of evasion]

   EV:        It affects your evasion (+6).
   Str:       It affects your strength (+3).
   Int:       It affects your intelligence (-3).
   rF:        It protects you from fire.
   rC:        It protects you from cold.
 L - the ring of Thoughtfulness {rN+ EV+4 Dex+7}
   (You found it in the Dungeon)

   [ring of evasion]

   EV:        It affects your evasion (+4).
   Dex:       It affects your dexterity (+7).
   rN:        It protects you from negative energy.
 M - the ring of Taptam {rPois Will+ Dex+2 Slay+5}
   (You found it in the Dungeon)

   [ring of slaying]

   Dex:       It affects your dexterity (+2).
   Slay:      It affects your accuracy & damage with ranged weapons and melee
   (+5).
   rPois:     It protects you from poison.
   Will:      It increases your willpower.
 N - the amulet of Otrer {RegenMP +Blink rC- Dex-3 SInv}
   (You found it in the Dungeon)

   [amulet of magic regeneration]

   It increases your rate of magic regeneration.
   Dex:       It affects your dexterity (-3).
   rC:        It makes you vulnerable to cold.
   SInv:      It lets you see invisible.
   +Blink:    It lets you blink.
 O - the amulet "Syc Omau" (around neck) {RegenMP Regen+ Str+2 Dex+4}
   (You found it in the Dungeon)

   [amulet of magic regeneration]

   It increases your rate of magic regeneration.
   Str:       It affects your strength (+2).
   Dex:       It affects your dexterity (+4).
   Regen:     It increases your rate of health regeneration.
 P - the ring "Ruxtint" {rElec Will+ SInv}
   (You found it in the Dungeon)

   [ring of willpower]

   rElec:     It insulates you from electricity.
   SInv:      It lets you see invisible.
   Will:      It increases your willpower.
 R - the ring "Nioseest" {rElec rF+ Slay+5}
   (You found it in the Dungeon)

   [ring of slaying]

   Slay:      It affects your accuracy & damage with ranged weapons and melee
   (+5).
   rF:        It protects you from fire.
   rElec:     It insulates you from electricity.
 S - the ring "Eppisil" (right hand) {rC+ rN+ Will+ Slay+5}
   (You found it in the Dungeon)

   [ring of slaying]

   Slay:      It affects your accuracy & damage with ranged weapons and melee
   (+5).
   rC:        It protects you from cold.
   rN:        It protects you from negative energy.
   Will:      It increases your willpower.
 T - the ring of Wutsic {Ice Will+ Int+3 Dex+9}
   (You found it in the Dungeon)

   [ring of ice]

   It enhances your ice magic.
   Int:       It affects your intelligence (+3).
   Dex:       It affects your dexterity (+9).
   rF:        It makes you vulnerable to fire.
   rC:        It protects you from cold.
   Will:      It increases your willpower.
 W - a +4 ring of protection
Wands
 I - a wand of iceblast (8)
 J - a wand of flame (8)
Scrolls
 n - 6 scrolls of amnesia
 o - a scroll of summoning
 w - 10 scrolls of identify
 x - 6 scrolls of butterflies
 y - 2 scrolls of fear
 V - a scroll of poison
Potions
 d - 3 potions of might
 e - 14 potions of curing
 f - 4 potions of heal wounds
 g - 9 potions of haste
 h - 6 potions of magic
 i - 4 potions of berserk rage
 l - 2 potions of invisibility
 q - 6 potions of brilliance
 r - 2 potions of resistance
 s - 5 potions of mutation
 v - a potion of attraction {unknown}
 B - 2 potions of cancellation


   Skills:
 O Level 27 Fighting
 * Level 22.3 Axes
 O Level 27 Armour
 * Level 24.4 Dodging
 O Level 27 Shields
 O Level 27 Invocations


You had 17 spell levels left.
You didn't know any spells.
Your spell library contained the following spells:

 Spells                   Type           Power      Damage    Failure   Level
 Apportation              Tloc           0%         N/A       95%         1
 Beastly Appendage        Tmut           0%         N/A       95%         1
 Sting                    Tmut/Pois      0%         1d3       95%         1
 Blink                    Tloc           0%         N/A       99%         2
 Poisonous Vapours        Pois/Air       0%         N/A       99%         2
 Scorch                   Fire           0%         2d5       99%         2
 Static Discharge         Conj/Air       0%         3-3/arc   99%         2
 Wereblood                Tmut           0%         N/A       99%         2
 Call Canine Familiar     Summ           0%         N/A       100%        3
 Confusing Touch          Hex            0%         N/A       100%        3
 Dazzling Flash           Conj/Hex       0%         N/A       100%        3
 Ignite Poison            Fire/Tmut/Pois 0%         N/A       100%        3
 Mephitic Cloud           Conj/Pois/Air  0%         N/A       100%        3
 Ozocubu's Armour         Ice            0%         N/A       100%        3
 Portal Projectile        Hex/Tloc       0%         N/A       100%        3
 Spider Form              Tmut/Pois      0%         N/A       100%        3
 Summon Guardian Golem    Hex/Summ       0%         N/A       100%        3
 Tukima's Dance           Hex            0%         N/A       100%        3
 Animate Dead             Necr           0%         N/A       100%        4
 Cause Fear               Hex            0%         N/A       100%        4
 Flame Wave               Conj/Fire      0%         2d4       100%        4
 Iskenderun's Mystic Bla  Conj/Tloc      0%         2d3       100%        4
 Leda's Liquefaction      Hex/Erth       0%         N/A       100%        4
 Olgreb's Toxic Radiance  Pois           0%         N/A       100%        4
 Petrify                  Tmut/Erth      0%         N/A       100%        4
 Summon Ice Beast         Ice/Summ       0%         N/A       100%        4
 Summon Lightning Spire   Summ/Air       0%         N/A       100%        4
 Alistair's Intoxication  Tmut/Pois      0%         N/A       100%        5
 Irradiate                Conj/Tmut      0%         3d11      100%        5
 Manifold Assault         Tloc           0%         N/A       100%        5
 Metabolic Englaciation   Hex/Ice        0%         N/A       100%        5
 Summon Mana Viper        Hex/Summ       0%         N/A       100%        5
 Dispersal                Tloc           0%         N/A       100%        6
 Simulacrum               Ice/Necr       0%         N/A       100%        6
 Summon Cactus Giant      Summ           0%         N/A       100%        6
 Dragon Form              Tmut           0%         N/A       100%        7
 Haunt                    Necr/Summ      0%         N/A       100%        7
 Malign Gateway           Summ/Tloc      0%         N/A       100%        7
 Monstrous Menagerie      Summ           0%         N/A       100%        7
 Storm Form               Tmut/Air       0%         N/A       100%        7
 Disjunction              Tloc           0%         N/A       100%        8
 Infestation              Necr           0%         N/A       100%        8
 Lehudib's Crystal Spear  Conj/Erth      0%         10d2      100%        8
 Dragon's Call            Summ           0%         N/A       100%        9
 Fire Storm               Conj/Fire      0%         5d1       100%        9
 Statue Form              Tmut/Erth      Unusable   N/A       N/A         6

Dungeon Overview and Level Annotations

Branches:
Dungeon (1/1)

Altars:
Ashenzari
Cheibriados
Dithmenos
Elyvilon
Fedhas
Gozag
Hepliaklqana
Kikubaaqudgha
Makhleb
Nemelex Xobeh
Okawaru
Qazlal
Ru
Sif Muna
Trog
Uskayaw
Vehumet
Wu Jian
Xom
Yredelemnul
Zin
The Shining One
Jiyva
Lugonu

Annotations:
D Lom Lobon


Innate Abilities, Weirdness & Mutations

You are immune to sickness and miasma.
Your stone body is resilient. (AC +13)
You are immune to poison.
Your large and strong wings let you fly.
You resist negative energy. (rN+)
You are resistant to electric shocks. (rElec)
You are resistant to unholy torment.
You are immune to petrification.
You occasionally shout uncontrollably at your foes.


Message History

Lom Lobon hits you but does no damage.
You feel much better. Lom Lobon gestures at you.
Lom Lobon conjures a mighty blast of ice!
The great icy blast engulfs you!!! You partially resist.
Your resistance to electricity fades away.
You feel protected from cold.
You are encased in ice.
You feel much better. Lom Lobon gestures at you.
Lom Lobon conjures a mighty blast of ice!
The great icy blast engulfs you!!! You partially resist.
* * * LOW HITPOINT WARNING * * *
Unknown command.
Unknown command.
You feel much better. Lom Lobon gestures at you.
Lom Lobon conjures a mighty blast of ice!
The great icy blast engulfs you!! You partially resist.
* * * LOW HITPOINT WARNING * * *
Unknown command.
Unknown command.
You feel much better. The ice encasing you melts away.
Lom Lobon gestures. 2 ball lightnings come into view.
Unknown command.
Unknown command.
You feel much better.
The ball lightning explodes!
The blast of lightning engulfs you. You resist.
The blast of lightning engulfs Lom Lobon.
Lom Lobon completely resists.
The blast of lightning engulfs the ball lightning.
The ball lightning completely resists.
A ball lightning comes into view.
Lom Lobon gestures at you.
Lom Lobon conjures a mighty blast of ice!
The great icy blast engulfs you!!! You partially resist.
You die...

#############
#≈*&@§#.##'.#
#+#*#'#'#.###
.'.§.§§'#'.##
############...# ####
#)'.'.#.')###.##
#)'####'###§###'#.#'#
#'#.'#'.'##§§#'.'#'.#
#.###.###.###.###.###
##'.###.###.###.###.###+#


You could see Lom Lobon (gusty) and 2 ball lightnings.

Vanquished Creatures
  3 orbs of fire (D)
  An ancient lich (D)
  3 royal mummies (D)
  the Lernaean hydra (D)
  Frederick (D)
  2 pandemonium lords (D)
  4 curse toes (D)
  A profane servitor (D)
  Xtahua (D)
  3 pearl dragons (D)
  2 bone dragons (D)
  2 Brimstone Fiends (D)
  2 Tzitzimimeh (D)
  A lich (D)
  2 deep elf blademasters (D)
  2 Ice Fiends (D)
  6 titans (D)
  A deep elf master archer (D)
  A death cob (D)
  An Executioner (D)
  An acid blob (D)
  2 sphinxes (D)
  Frances (D)
  2 shadow dragons (D)
  3 rockslimes (D)
  2 daevas (D)
  A nagaraja (D)
  2 deep elf sorcerers (D)
  A draconian scorcher (D)
  A ghost moth (D)
  4 orc warlords (D)
  Louise (D)
  5 draconian shifters (D)
  A draconian stormcaller (D)
  2 ghouls (D)
  A spriggan defender (D)
  5 stone giants (D)
  An angel (D)
  2 green draconians (D)
  5 apis (D)
  2 deep elf demonologists (D)
  3 black draconians (D)
  A vampire knight (D)
  4 white draconians (D)
  A yellow draconian (D)
  2 purple draconians (D)
  3 red draconians (D)
  2 ettins (D)
  A merfolk javelineer (D)
  A mummy priest (D)
  2 blizzard demons (D)
  A hell beast (D)
  A vault guard (D)
  2 hydras (D)
  3 ice dragons (D)
  A spriggan air mage (D)
  4 ogre magi (D)
  2 death knights (D)
  A merfolk avatar (D)
  A centaur warrior (D)
  An alligator snapping turtle (D)
  A death yak (D)
  3 naga warriors (D)
  8 two-headed ogres (D)
  An alligator (D)
  4 hell hogs (D)
  A naga sharpshooter (D)
  2 spriggan berserkers (D)
  A fire crab (shapeshifter) (D)
  2 sun demons (D)
  5 iron trolls (D)
  A fire crab (D)
  5 deep elf knights (D)
  A sixfirhy (D)
  2 shadow wraiths (D)
  A spriggan druid (D)
  A salamander mystic (D)
  4 skeletal warriors (D)
  A flayed ghost (D)
  2 bog bodies (D)
  18 deep trolls (D)
  11 orc knights (D)
  2 deep elf pyromancers (D)
  2 deep elf zephyrmancers (D)
  3 cyclopes (D)
  A merfolk siren (D)
  A naga mage (D)
  2 smoke demons (D)
  An eye of devastation (D)
  A guardian serpent (D)
  A gargoyle (D)
  An unseen horror (D)
  A demonic crawler (D)
  A hellwing (D)
  2 yaktaurs (D)
  An ice devil (D)
  2 merfolk (D)
  7 trolls (D)
  2 polar bears (D)
  A tyrant leech (D)
  A hornet (D)
  A wandering mushroom (D)
  A tarantella (D)
  A wind drake (D)
  7 blink frogs (D)
  A snapping turtle (D)
  2 air elementals (D)
  2 jumping spiders (D)
  A water elemental (D)
  2 fire elementals (D)
  A fire bat (D)
  4 yaks (D)
  A chaos spawn (D)
  2 steam dragons (D)
  2 golden eyes (D)
  A large abomination (D)
  5 wargs (D)
  A redback (D)
  4 nagas (D)
  An acid dragon (D)
  2 floating eyes (D)
  7 orc warriors (D)
  A sky beast (D)
  A black bear (D)
  9 ogres (D)
  7 wolves (D)
  4 centaurs (D)
  3 phantoms (D)
  3 necrophages (D)
  A gnoll sergeant (D)
  2 earth elementals (D)
  4 wights (D)
  A small abomination (D)
  6 killer bees (D)
  A crimson imp (D)
  A quasit (D)
  3 orc priests (D)
  An iron imp (D)
  Jessica (D)
  2 orc wizards (D)
  A hell rat (D)
  Terence (D)
  5 gnolls (D)
  2 river rats (D)
  An adder skeleton (D)
  A worm (D)
  8 orcs (D)
  A bat skeleton (D)
  A bat zombie (D)
  A giant cockroach (D)
  3 goblins (D)
  A hobgoblin (D)
  A ball python simulacrum (D)
  A ball python skeleton (D)
  2 bats (D)
  2 bat simulacra (D)
  A frilled lizard (D)
  A jackal skeleton (D)
  A kobold (D)
  A rat (D)
  7 ball lightnings (D)
373 creatures vanquished.

Vanquished Creatures (others)
  Margery (D)
  An Ice Fiend (D)
  A blink frog (D)
  An adder skeleton (D)
  9 ball lightnings (D)
13 creatures vanquished.

Grand Total: 386 creatures vanquished

Notes
Turn   | Place    | Note
-------+----------+-------------------------------------------
     0 | D        | Groucho the Gargoyle Fighter began the quest for the Orb.
     0 | D        | Reached XP level 1. HP: 14/14 MP: 1/1
    41 | D        | Found a glowing golden altar of the Shining One.
    41 | D        | Found a glowing silver altar of Zin.
    41 | D        | Found a basalt altar of Yredelemnul.
    41 | D        | Found a shimmering altar of Xom.
    41 | D        | Found an ornate altar of the Wu Jian Council.
    41 | D        | Found a bloodstained altar of Trog.
    41 | D        | Found a shimmering blue altar of Sif Muna.
    41 | D        | Found a sacrificial altar of Ru.
    41 | D        | Found a stormy altar of Qazlal.
    41 | D        | Found an iron altar of Okawaru.
    41 | D        | Found a sparkling altar of Nemelex Xobeh.
    41 | D        | Found a burning altar of Makhleb.
    41 | D        | Found a viscous altar of Jiyva.
    41 | D        | Found a hazy altar of Hepliaklqana.
    41 | D        | Found an opulent altar of Gozag.
    41 | D        | Found a blossoming altar of Fedhas.
    41 | D        | Found a white marble altar of Elyvilon.
    41 | D        | Found a shadowy altar of Dithmenos.
    41 | D        | Found a snail-covered altar of Cheibriados.
    42 | D        | Found a radiant altar of Vehumet.
    42 | D        | Found a corrupted altar of Lugonu.
    43 | D        | Found an ancient bone altar of Kikubaaqudgha.
    43 | D        | Found a hide-covered altar of Uskayaw.
    43 | D        | Found a broken altar of Ashenzari.
    48 | D        | Became a worshipper of Qazlal Stormbringer
    75 | D        | Reached * piety under Qazlal
    88 | D        | Reached skill level 1 in Invocations
    88 | D        | Reached XP level 2. HP: 19/20 MP: 2/2
    93 | D        | Reached ** piety under Qazlal
   184 | D        | Reached XP level 3. HP: 24/24 MP: 3/5
   195 | D        | Noticed a centaur
   196 | D        | Noticed a fire bat
   213 | D        | Reached *** piety under Qazlal
   224 | D        | Killed a fire bat
   225 | D        | Reached skill level 5 in Fighting
   225 | D        | Reached skill level 5 in Shields
   225 | D        | Reached XP level 4. HP: 32/32 MP: 3/8
   225 | D        | Reached XP level 5. HP: 36/36 MP: 3/9
   225 | D        | Killed a centaur
   226 | D        | Reached XP level 6. HP: 42/42 MP: 4/11
   231 | D        | Reached skill level 5 in Axes
   305 | D        | Noticed Jessica
   307 | D        | Killed Jessica
   307 | D        | Reached **** piety under Qazlal
   310 | D        | Noticed a death yak
   324 | D        | Killed a death yak
   325 | D        | Reached skill level 10 in Invocations
   325 | D        | Reached XP level 7. HP: 19/50 MP: 1/15
   325 | D        | Reached XP level 8. HP: 21/55 MP: 1/16
   909 | D        | Noticed a fire crab
   915 | D        | Killed a fire crab
   916 | D        | Reached XP level 9. HP: 61/61 MP: 7/18
  1035 | D        | Noticed a tyrant leech
  1035 | D        | Noticed a demonic crawler
  1041 | D        | Killed a demonic crawler
  1042 | D        | Reached skill level 10 in Shields
  1048 | D        | Killed a tyrant leech
  1355 | D        | Noticed a deep elf zephyrmancer
  1357 | D        | Reached ***** piety under Qazlal
  1357 | D        | Killed a deep elf zephyrmancer
  1358 | D        | Reached skill level 10 in Fighting
  1358 | D        | Reached skill level 10 in Armour
  1402 | D        | Noticed a six-headed hydra
  1403 | D        | Killed an unseen horror
  1404 | D        | Reached XP level 10. HP: 54/68 MP: 14/20
  1404 | D        | Killed a six-headed hydra
  1404 | D        | Reached ****** piety under Qazlal
  1405 | D        | Reached skill level 15 in Invocations
  1732 | D        | Killed a shadow wraith
  1913 | D        | Noticed a deep elf zephyrmancer
  1914 | D        | Killed a deep elf zephyrmancer
  2034 | D        | Noticed a naga warrior
  2035 | D        | Noticed a naga sharpshooter
  2037 | D        | Killed a naga sharpshooter
  2038 | D        | Reached skill level 10 in Axes
  2038 | D        | Reached XP level 11. HP: 71/76 MP: 15/23
  2039 | D        | Killed a naga warrior
  2206 | D        | Noticed a merfolk avatar
  2211 | D        | Killed a merfolk avatar
  2221 | D        | Noticed an orc knight
  2234 | D        | Killed an orc knight
  2271 | D        | Noticed Terence
  2272 | D        | Killed Terence
  2836 | D        | Noticed a bog body
  2838 | D        | Killed a bog body
  3163 | D        | Noticed a flayed ghost
  3165 | D        | Killed a flayed ghost
  3168 | D        | Noticed an orc knight
  3169 | D        | Noticed a deep elf pyromancer
  3171 | D        | Killed a deep elf pyromancer
  3172 | D        | Reached XP level 12. HP: 84/84 MP: 1/25
  3689 | D        | Noticed an alligator
  3693 | D        | Killed an alligator
  3729 | D        | Noticed a death knight
  3742 | D        | Killed a death knight
  3940 | D        | Noticed a spriggan berserker
  3947 | D        | Noticed a death yak
  3948 | D        | Killed a spriggan berserker
  3949 | D        | Reached skill level 15 in Shields
  3979 | D        | Reached skill level 15 in Armour
  4003 | D        | Noticed an alligator snapping turtle
  4004 | D        | Noticed an orc warlord
  4004 | D        | Noticed an orc warlord
  4005 | D        | Killed an orc warlord
  4006 | D        | Reached skill level 15 in Fighting
  4006 | D        | Killed an orc warlord
  4007 | D        | Reached XP level 13. HP: 87/92 MP: 10/27
  4246 | D        | Noticed a vault guard
  4248 | D        | Killed a vault guard
  4252 | D        | Noticed a deep elf blademaster
  4269 | D        | Killed a deep elf blademaster
  4274 | D        | Noticed a blizzard demon
  4276 | D        | Killed a blizzard demon
  4304 | D        | Noticed a daeva
  4309 | D        | Killed a daeva
  5276 | D        | Noticed a vampire knight
  5284 | D        | Paralysed by something for 3 turns
  5294 | D        | Killed a vampire knight
  5298 | D        | Noticed an ice dragon
  5303 | D        | Killed a ghost moth
  5316 | D        | Killed an ice dragon
  5316 | D        | Noticed an apis
  5317 | D        | Gained mutation: Your large and strong wings let you fly.
                  | [Gargoyle growth]
  5317 | D        | Reached XP level 14. HP: 74/102 MP: 0/29
  5329 | D        | Killed an apis
  5739 | D        | Noticed a profane servitor
  5739 | D        | Noticed an apis
  5739 | D        | Noticed a deep elf blademaster
  5740 | D        | Killed a profane servitor
  5740 | D        | Killed a deep elf blademaster
  5740 | D        | Killed an apis
  5741 | D        | Reached skill level 15 in Axes
  6254 | D        | Got the ring "Hassep" {EV+4 Str+3 Int+3}
  6254 | D        | Got the ring "Fime" {Int+4 Dex+6}
  6372 | D        | Noticed a deep elf demonologist
  6374 | D        | Noticed a sphinx
  6379 | D        | Killed a deep elf demonologist
  6379 | D        | Noticed a red draconian
  6380 | D        | Killed a sphinx
  6382 | D        | Killed a red draconian
  6382 | D        | Noticed a white draconian
  6384 | D        | Killed a white draconian
  6390 | D        | Noticed a white draconian
  6398 | D        | Killed a white draconian
  6412 | D        | Noticed a white draconian stormcaller
  6415 | D        | Killed a white draconian stormcaller
  6474 | D        | Noticed a white draconian
  6477 | D        | Killed a white draconian
  6488 | D        | Noticed a green draconian
  6494 | D        | Killed a green draconian
  6610 | D        | Noticed a red draconian scorcher
  6614 | D        | Killed a red draconian scorcher
  6637 | D        | Noticed a black draconian
  6641 | D        | Killed a black draconian
  6711 | D        | Noticed a green draconian
  6715 | D        | Killed a green draconian
  6752 | D        | Noticed a purple draconian
  6758 | D        | Killed a purple draconian
  6761 | D        | Noticed a purple draconian
  6779 | D        | Killed a purple draconian
  6874 | D        | Noticed a purple draconian shifter
  6880 | D        | Killed a purple draconian shifter
  6978 | D        | Noticed a purple draconian shifter
  6986 | D        | Paralysed by a floating eye for 2 turns
  6992 | D        | Killed a purple draconian shifter
  7041 | D        | Noticed a deep elf sorcerer
  7043 | D        | Killed a deep elf sorcerer
  7093 | D        | Noticed a white draconian
  7104 | D        | Killed a white draconian
  7118 | D        | Noticed a deep elf demonologist
  7134 | D        | Killed a deep elf demonologist
  7135 | D        | Reached XP level 15. HP: 91/111 MP: 18/31
  7356 | D        | Noticed a purple draconian shifter
  7383 | D        | Killed a purple draconian shifter
  7946 | D        | Got Piet's Textbook on Bolts and Guile
  7958 | D        | Got the Secrets of Transmigration
  7959 | D        | Noticed a sphinx
  7967 | D        | Paralysed by a sphinx for 3 turns
  7973 | D        | Killed a sphinx
  7979 | D        | Got the Octavo of the Assistive Blaze
  7980 | D        | Noticed Frances
  7993 | D        | Killed Frances
  8722 | D        | Got the amulet "Ynuwas" {Spirit Drain rC++}
  8724 | D        | Got the ring of Thoughtfulness {rN+ EV+4 Dex+7}
  8726 | D        | Got the ring of Taptam {rPois Will+ Dex+2 Slay+5}
  8728 | D        | Got the amulet of Otrer {RegenMP +Blink rC- Dex-3 SInv}
  8730 | D        | Got the amulet "Syc Omau" {RegenMP Regen+ Str+2 Dex+4}
  8732 | D        | Got the ring "Ruxtint" {rElec Will+ SInv}
  8734 | D        | Got the ring of Wuhoruic {*Slow Str+5 SInv}
  8736 | D        | Got the ring "Nioseest" {rElec rF+ Slay+5}
  8738 | D        | Got the ring "Eppisil" {rC+ rN+ Will+ Slay+5}
  8740 | D        | Got the ring "Ewopt" {rElec rPois rN+ Str-2}
  8742 | D        | Got the ring of Wonder {AC+4 Str+2 Int+3}
  8744 | D        | Got the amulet of Pami {RegenMP +Blink Will+}
  8746 | D        | Got the amulet "Furoox" {Faith Int+4}
  8758 | D        | Got the ring of Feehomme {Ice Will+ MP+9 Dex+3}
  8760 | D        | Got the ring of Charity {Drain rN++ Will+ Str+4 Dex+4}
  8782 | D        | Got the ring "Qodugail" {*Corrode Fly rPois AC+6 Int+3}
  8784 | D        | Got the ring of Tiuhye {rF+ Dex+6}
  8786 | D        | Got the ring "Fyfij" {Wiz *Slow rN+++ Will+ Int+2 Stlth+}
  8788 | D        | Got the ring "Wairyif" {rF+ rC+ EV+6 Str+3 Int-3}
  8791 | D        | Got the ring "Qogefiedd" {Will+ SInv}
  8793 | D        | Got the ring of Jelly {Ice rPois Dex+3}
  8795 | D        | Got the ring of Wutsic {Ice Will+ Int+3 Dex+9}
  8797 | D        | Got the ring of Kextugoth {Will+ Str+7 Dex+4}
  8799 | D        | Got the ring of Ykiaq {Fire rElec Will+ Int+3}
  8801 | D        | Got the ring "Wirghaomm" {Fire Str-2 Dex+5}
  8904 | D        | Noticed a daeva
  8939 | D        | Killed a daeva
  8951 | D        | Noticed Louise
  8953 | D        | Noticed a bone dragon
  8956 | D        | Killed Louise
  8956 | D        | Killed a shadow dragon
  8957 | D        | Reached skill level 27 in Invocations
  8965 | D        | Killed a bone dragon
  8967 | D        | Noticed a death cob
  8968 | D        | Noticed a nagaraja
  8969 | D        | Killed a nagaraja
  8972 | D        | Killed a death cob
  9011 | D        | Noticed an orc warlord
  9011 | D        | Identified the ring "Anuanion" {rN+ Will+ Int+6}
  9015 | D        | Killed an orc warlord
  9022 | D        | Noticed a purple draconian shifter
  9032 | D        | Killed a purple draconian shifter
  9046 | D        | Found the +7 great mace "Firestarter" {inner flame, rF++}
  9077 | D        | Noticed a ghoul
  9077 | D        | Noticed a bone dragon
  9078 | D        | Noticed a ghoul
  9080 | D        | Noticed a shadow dragon
  9091 | D        | Killed a ghoul
  9103 | D        | Killed a bone dragon
  9104 | D        | Reached XP level 16. HP: 54/127 MP: 1/33
  9107 | D        | Reached skill level 10 in Dodging
  9108 | D        | Killed a shadow dragon
  9122 | D        | Got the ring "Oxorub" {Fire Str+6 Dex+3}
  9145 | D        | Noticed a curse toe
  9157 | D        | Killed a curse toe
  9459 | D        | Got the Exposition on Imprecation
  9496 | D        | Found the +5 robe of Night {Dark Will+ SInv}
  9639 | D        | Noticed a titan
  9640 | D        | Killed a titan
  9641 | D        | Reached skill level 15 in Dodging
 10083 | D        | Got a silver rune of Zot
 10203 | D        | Noticed a titan
 10209 | D        | Killed a titan
 10394 | D        | Noticed a lich
 10403 | D        | Killed a lich
 10630 | D        | Noticed a titan
 10636 | D        | Killed a titan
 10638 | D        | Noticed a royal mummy
 10648 | D        | Killed a royal mummy
 10649 | D        | Reached XP level 17. HP: 113/136 MP: 20/34
 10675 | D        | Noticed an orb of fire
 10675 | D        | Noticed an orb of fire
 10675 | D        | Noticed Xtahua
 10675 | D        | Noticed an acid blob
 10675 | D        | Noticed the 27-headed Lernaean hydra
 10676 | D        | Killed an acid blob
 10676 | D        | Killed an orb of fire
 10676 | D        | Killed Xtahua
 10676 | D        | Killed an orb of fire
 10680 | D        | Killed the 27-headed Lernaean hydra
 10894 | D        | Noticed a curse toe
 10905 | D        | Killed a curse toe
 10909 | D        | Noticed a titan
 10918 | D        | Killed a titan
 11128 | D        | Noticed a pearl dragon
 11137 | D        | Killed a pearl dragon
 11138 | D        | Reached skill level 27 in Fighting
 11141 | D        | Noticed a royal mummy
 11154 | D        | Killed a royal mummy
 11716 | D        | Noticed an Ice Fiend
 11721 | D        | Killed an Ice Fiend
 11730 | D        | Noticed an orb of fire
 11736 | D        | Gained mutation: You occasionally shout uncontrollably at
                  | your foes. [an orb of fire]
 11739 | D        | Killed an orb of fire
 11743 | D        | Noticed an Ice Fiend
 11743 | D        | Noticed Frederick
 11748 | D        | Killed Frederick
 11756 | D        | Killed an Ice Fiend
 12008 | D        | Noticed a Brimstone Fiend
 12017 | D        | Killed a Brimstone Fiend
 12287 | D        | Noticed a Tzitzimitl
 12290 | D        | Noticed an ancient lich
 12295 | D        | Killed a Tzitzimitl
 12304 | D        | Killed an ancient lich
 12305 | D        | Reached skill level 27 in Armour
 12305 | D        | Reached skill level 27 in Shields
 12307 | D        | Noticed a curse toe
 12316 | D        | Killed a curse toe
 12573 | D        | Noticed a titan
 12577 | D        | Killed a titan
 12584 | D        | Noticed a curse toe
 12595 | D        | Killed a curse toe
 12596 | D        | Reached XP level 18. HP: 145/145 MP: 24/35
 12598 | D        | Noticed a deep elf master archer
 12602 | D        | Noticed a titan
 12602 | D        | Noticed Zoupu the pandemonium lord
 12604 | D        | Noticed Catt the pandemonium lord
 12605 | D        | Killed a deep elf master archer
 12634 | D        | Killed Catt the pandemonium lord
 12641 | D        | Killed Zoupu the pandemonium lord
 12641 | D        | Killed a titan
 13311 | D        | Noticed a pearl dragon
 13321 | D        | Killed a pearl dragon
 13338 | D        | Noticed a royal mummy
 13341 | D        | Noticed a Tzitzimitl
 13354 | D        | Killed a royal mummy
 13359 | D        | Killed a Tzitzimitl
 14000 | D        | Noticed a Brimstone Fiend
 14006 | D        | Killed a Brimstone Fiend
 14015 | D        | Noticed a pearl dragon
 14023 | D        | Killed a pearl dragon
 14232 | D        | Noticed Lom Lobon
 14237 | D        | Noticed an Ice Fiend
 14240 | D        | Noticed Margery
 14243 | D        | Killed an Ice Fiend
 14250 | D        | Killed Margery
 14254 | D        | HP: 6/145 [Lom Lobon/great icy blast (61)]
 14255 | D        | HP: 2/145 [Lom Lobon/great icy blast (28)]
 14257 | D        | Killed from afar by Lom Lobon

Illustrated notes

Levels and vault maps discovered:
D:        pitsprint [storerooms_1, entrance_room_1, metal_vault_8, armoury_2,
          mini_pit_1, grid_room_1, main_hall_1, silver_pit, the_coven_3,
          the_vestibule_1, steel_vault_4, golden_pit, hallway_of_sentries,
          crystal_vault_5, iron_vault_3, final_vault]

Skill      XL: |  1  2  3  4  5  6  7  8  9 10 11 12 13 14 15 16 17 18 |
---------------+-------------------------------------------------------+-----
Axes           | 2 3 4 6 7 8 10 11 13 14 17 18 19 22 | 22.3
Invocations    | 1 3 6 7 10 12 14 16 18 21 23 25 27 | 27.0
Armour         | 4 6 8 9 10 12 13 15 17 19 22 24 27 | 27.0
Fighting       | 4 5 6 8 9 10 12 13 15 17 19 23 26 27 | 27.0
Shields        | 4 5 6 8 9 11 12 13 15 17 19 22 24 27 | 27.0
Dodging        | 9 16 22 24 | 24.4

Action                   |  1- 3 |  4- 6 |  7- 9 | 10-12 | 13-15 | 16-18 || total
-------------------------+-------+-------+-------+-------+-------+-------++-------
Melee: Hand axe          |    36 |     9 |     3 |       |       |       ||    48
       War axe           |     1 |       |    17 |    95 |    41 |       ||   154
       Broad axe         |       |       |       |       |   262 |   322 ||   584
Throw: Stone             |       |       |       |     1 |       |       ||     1
Invok: Upheaval          |     1 |     4 |    13 |    46 |    67 |     7 ||   138
       Disaster Area     |       |       |       |     2 |     6 |     3 ||    11
  Use: Potion            |     4 |       |       |     3 |     9 |    13 ||    29
       Scroll            |       |     1 |       |       |       |    11 ||    12
Armor: Scale mail        |    30 |     1 |     2 |       |       |       ||    33
       Chain mail        |       |       |    14 |    43 |    15 |       ||    72
       Gold dragon scale |       |       |       |       |   159 |    79 ||   238
Dodge: Dodged            |    20 |     2 |     8 |    20 |    47 |    71 ||   168
       Repelled          |       |       |       |       |     8 |     4 ||    12
Block: Buckler           |    12 |       |     3 |       |       |       ||    15
       Kite shield       |       |       |    14 |   117 |   285 |   229 ||   645
       Tower shield      |       |       |       |       |       |     3 ||     3
